Map: Rhoskallian LE

Players

Massa

  • Race: Terran Terran
  • League: Platinum
  • Spawn Location: 5:00

qqq

  • Race: Protoss Protoss
  • League: Platinum
  • Spawn Location: 6:00

Hemlock - Winner!

  • Race: Zerg Zerg
  • League: Diamond
  • Spawn Location: 12:00

Ekesko - Winner!

  • Race: Terran Terran
  • League: Diamond
  • Spawn Location: 11:00

VOD

Have the link to the VOD?

Description

Time

  • Played on: Dec. 27, 2020, 10:35 a.m.
  • Length: 9:54
Show
View Real Time Build Order
Export as new Build Order

Massa Terran 

Build Orders: Reaper Expand 

Get SALT Encoding   

  12  0:00  SCV  
  13  0:12  SCV  
  14  0:21  Supply Depot  
  14  0:25  SCV  
  15  0:43  SCV, Barracks  
  15  0:49  Refinery  
  16  0:58  SCV  
  17  1:10  SCV  
  18  1:23  SCV  
  19  1:33  Reaper  
  19  1:35  Orbital Command  
  20  1:45  Command Center  
  20  2:01  SCV  
  21  2:08  Marine  
  22  2:26  SCV  
  23  2:42  Command Center  
  23  2:49  Supply Depot  
  23  2:51  Factory  
  23  2:52  Refinery  
  23  2:56  Marine  
  23  2:57  SCV  
  25  3:02  Orbital Command  
  25  3:09  SCV  
  25  3:12  Supply Depot  
  26  3:21  SCV  
  27  3:29  Barracks  
  27  3:33  Barracks Tech Lab, SCV  
  28  3:41  Supply Depot  
  28  3:42  Factory Tech Lab  
  28  3:46  SCV x2  
  30  3:56  Engineering Bay  
  30  3:58  SCV x2  
  30  4:01  Starport  
  32  4:07  Siege Tank  
  35  4:10  SCV  
  35  4:13  Marine  
  37  4:25  Barracks Reactor  
  37  4:26  SCV x2  
  37  4:27  SCV  
  40  4:34  Barracks  
  40  4:38  SCV x2  
  40  4:39  Medivac  
  44  4:49  Siege Tank  
  44  4:51  Marauder  
  43  5:12  Marine  
  44  5:15  Liberator  
  44  5:16  Marine x2  
  47  5:26  Widow Mine  
  46  5:30  Marine  
  46  5:34  Marine x2  
  48  5:47  Widow Mine  
  48  5:48  Barracks, Bunker, Marine  
  43  5:50  Barracks  
  43  5:51  Barracks  
  43  5:53  SCV x3  
  43  6:05  SCV, Marine  
  43  6:18  SCV  
  34  6:22  Liberator  
  33  6:35  Widow Mine  
  33  6:39  Marine x4  
  37  6:57  Marine  
  38  7:07  Marine, Supply Depot  
  38  7:08  Marine, Supply Depot  
  38  7:10  Marine  
  38  7:15  Marine  
  38  7:17  Factory  
  38  7:29  Liberator  
  41  7:30  Supply Depot  
  41  7:34  Marine  
  41  7:35  Marine x3  
  44  7:52  Marine  
  44  7:57  Bunker  
  45  8:03  Barracks Reactor  
  39  8:10  Marine  
  33  8:29  Factory Tech Lab  
  33  8:41  Barracks Tech Lab  
  33  8:42  Marine x2  
  33  8:48  Marine  
  36  9:14  Medivac  
  36  9:16  Marauder, Marine  
  41  9:20  SCV  
  42  9:24  SCV  
  36  9:41  SCV x2  
Show
View Real Time Build Order
Export as new Build Order

qqq Protoss 

Build Orders: Cannon Rush 

Get SALT Encoding   

  12  0:00  Probe  
  13  0:15  Pylon  
  13  0:19  Probe  
  14  0:35  Forge  
  14  0:38  Probe  
  15  1:00  Probe  
  16  1:12  Probe  
  16  1:18  Pylon  
  17  1:19  Pylon  
  17  1:25  Probe  
  18  1:40  Photon Cannon  
  18  1:51  Photon Cannon  
  17  1:59  Photon Cannon  
  17  2:00  Photon Cannon  
  16  2:11  Probe  
  16  2:15  Pylon  
  17  2:23  Probe  
  17  2:24  Nexus  
  17  2:29  Gateway  
  18  2:39  Probe (Chrono Boost)  
  19  2:46  Pylon  
  19  2:47  Pylon  
  19  2:51  Probe (Chrono Boost)  
  20  2:52  Assimilator  
  20  2:58  Assimilator  
  20  3:00  Probe (Chrono Boost)  
  21  3:08  Probe (Chrono Boost)  
  23  3:20  Probe (Chrono Boost)  
  23  3:27  Probe (Chrono Boost)  
  23  3:30  Cybernetics Core  
  24  3:34  Probe  
  24  3:36  Probe  
  26  3:46  Probe  
  27  3:48  Probe  
  28  3:57  Photon Cannon  
  28  3:58  Probe  
  28  4:00  Probe  
  30  4:07  Stargate  
  30  4:11  Probe (Chrono Boost)  
  30  4:12  Probe (Chrono Boost)  
  32  4:20  Stargate  
  32  4:21  Probe (Chrono Boost)  
  32  4:22  Probe (Chrono Boost)  
  32  4:23  Pylon  
  34  4:26  Probe (Chrono Boost)  
  34  4:27  Probe (Chrono Boost)  
  36  4:37  Probe, Assimilator  
  37  4:39  Probe  
  37  4:42  Assimilator  
  38  4:48  Photon Cannon, Pylon  
  38  4:49  Probe  
  38  4:51  Probe  
  40  4:58  Void Ray (Chrono Boost)  
  41  5:07  Void Ray (Chrono Boost)  
  47  5:20  Photon Cannon  
  46  5:36  Void Ray  
  50  6:18  Void Ray  
  46  6:32  Pylon  
  46  6:45  Void Ray  
  46  7:06  Forge  
  46  7:09  Pylon  
  46  7:22  Void Ray  
  46  7:23  Void Ray  
  54  7:39  Shield Battery  
  54  7:43  Photon Cannon  
  54  7:46  Pylon  
  54  7:59  Photon Cannon  
  54  8:02  Void Ray  
  58  8:28  Void Ray  
  62  8:37  Shield Battery  
  62  8:40  Shield Battery  
  62  8:47  Void Ray  
  66  8:58  Nexus  
  66  9:04  Pylon  
  66  9:07  Pylon  
  66  9:17  Assimilator  
  66  9:21  Assimilator  
Show
View Real Time Build Order
Export as new Build Order

Hemlock Zerg - Winner!

Build Orders: Hatch First, Ravager All-In 

Get SALT Encoding   

  12  0:00  Drone  
  13  0:19  Overlord  
  13  0:20  Drone  
  14  0:37  Drone  
  14  0:38  Drone  
  16  0:43  Drone  
  17  1:03  Extractor, Drone  
  17  1:08  Hatchery  
  16  1:18  Drone  
  17  1:31  Drone  
  18  1:45  Drone  
  18  1:46  Drone  
  20  1:58  Drone  
  20  1:59  Spawning Pool  
  20  2:18  Drone x2  
  20  2:22  Overlord  
  22  2:26  Extractor  
  21  2:34  Drone x2  
  23  2:46  Queen  
  23  2:47  Roach Warren  
  24  2:51  Queen  
  26  3:00  Drone  
  26  3:01  Overlord  
  27  3:13  Overlord  
  27  3:30  Roach x2  
  27  3:31  Roach x2  
  35  3:36  Roach  
  35  3:38  Roach  
  39  3:43  Roach  
  41  3:53  Drone x3  
  44  4:00  Drone x2  
  46  4:06  Overlord  
  46  4:11  Drone  
  46  4:12  Drone  
  48  4:26  Drone x5  
  48  4:30  Ravager x2  
  48  4:31  Ravager  
  56  4:32  Ravager  
  56  4:33  Ravager  
  56  4:36  Drone  
  56  4:37  Drone  
  60  4:50  Overlord x2  
  58  5:04  Roach  
  60  5:15  Drone x4  
  64  5:35  Drone  
  64  5:36  Drone x3  
  68  5:49  Hatchery  
  67  6:02  Roach x4  
  67  6:03  Drone  
  76  6:29  Overlord x3  
  76  6:30  Overlord  
  76  6:31  Lair  
  76  6:35  Extractor  
  76  6:36  Extractor  
  74  6:40  Evolution Chamber  
  74  6:41  Evolution Chamber  
  68  7:34  Drone  
  68  7:37  Spire  
  65  8:16  Drone x14  
  79  8:26  Hydralisk Den  
  68  8:36  Baneling Nest  
  68  8:37  Drone x3, Spore Crawler  
  68  8:38  Drone  
  68  8:39  Spore Crawler x2  
  68  8:42  Drone x2, Spore Crawler x2  
  68  8:43  Drone, Spore Crawler  
  68  8:46  Queen  
  68  8:47  Spore Crawler  
  69  8:48  Spore Crawler  
  69  8:49  Extractor x2  
  69  8:50  Queen  
  68  8:57  Drone  
  68  9:02  Zergling x2  
  70  9:03  Zergling x12  
  76  9:25  Mutalisk  
  76  9:26  Mutalisk x10  
Show
View Real Time Build Order
Export as new Build Order

Ekesko Terran - Winner!

Build Orders:  

Get SALT Encoding   

  12  0:00  SCV  
  13  0:12  SCV  
  14  0:18  Supply Depot  
  14  0:24  SCV  
  15  0:40  SCV  
  15  0:42  Barracks  
  16  0:52  Refinery, SCV  
  17  1:04  SCV  
  18  1:16  SCV  
  19  1:28  SCV  
  20  1:38  Marine  
  21  1:40  SCV  
  21  1:43  Barracks  
  22  1:56  Command Center  
  22  2:09  Reaper  
  23  2:19  Supply Depot  
  23  2:20  SCV  
  23  2:29  Factory  
  23  2:33  Orbital Command  
  23  2:39  Refinery  
  23  2:42  Barracks Tech Lab  
  23  2:57  Supply Depot  
  23  3:00  Barracks Reactor, SCV  
  24  3:10  SCV  
  25  3:17  Factory Reactor  
  25  3:22  SCV  
  25  3:23  SCV  
  25  3:24  Marine  
  28  3:34  Supply Depot  
  28  3:35  SCV x2  
  30  3:42  Starport, Marine  
  30  3:47  SCV  
  32  3:49  Stimpack  
  32  3:52  Marine  
  32  3:54  Marine  
  34  3:59  SCV  
  34  4:00  SCV  
  36  4:11  SCV, Marine  
  36  4:12  SCV  
  36  4:15  Hellion  
  41  4:18  Hellion  
  41  4:23  SCV  
  44  4:32  Medivac  
  44  4:35  SCV  
  47  4:38  Barracks  
  47  4:40  Hellion  
  47  4:43  Marine  
  47  4:44  Marine  
  51  4:47  SCV  
  51  4:52  SCV  
  53  4:54  Marine  
  54  5:01  Marine  
  54  5:02  Marine, Supply Depot  
  54  5:04  SCV  
  57  5:10  Factory Tech Lab  
  57  5:12  Marine  
  58  5:19  Marine  
  58  5:20  Marine  
  60  5:28  Combat Shield  
  60  5:30  Marine  
  61  5:37  Marine x2  
  63  5:44  SCV  
  63  5:46  Barracks Reactor  
  63  5:47  Marine  
  63  5:54  Marine  
  63  5:55  Marine  
  63  5:56  SCV  
  65  6:05  Marine  
  65  6:08  SCV  
  65  6:12  Marine  
  65  6:13  Marine  
  61  6:23  Marine  
  58  6:30  Marine  
  58  6:31  Marine  
  58  6:35  Marine x2  
  58  6:38  Siege Tank  
  58  6:39  Medivac x2  
  65  6:41  Marine  
  64  6:48  Marine  
  64  6:49  Marine  
  64  6:52  Marine  
  64  6:53  Marine  
  68  6:59  Marine  
  69  7:06  Marine x2  
  70  7:23  Supply Depot  
  70  7:25  Supply Depot  
  70  7:44  SCV, Marine x4, Siege Tank  
  70  7:46  Marine  
  79  7:56  SCV  
  80  8:02  Reaper, Marine x3  
  80  8:04  Marine  
  78  8:08  SCV  
  73  8:20  Marine x3  
  73  8:22  Marine  
  73  8:34  Marine  
  73  8:37  Marine x3  
  73  8:40  Marine  
  78  8:43  Concussive Shells  
  78  8:47  Supply Depot  
  78  8:48  Engineering Bay  
  78  8:51  Siege Tank  
  78  8:52  Marine, Medivac x2  
  86  8:57  Barracks  
  86  8:59  Barracks  
  86  9:01  Orbital Command  
  86  9:02  Supply Depot  
  86  9:03  Refinery  
  86  9:05  Refinery  
  86  9:09  Marine x4  
  90  9:10  Marine  
  90  9:11  Engineering Bay  
  91  9:21  Command Center  
  91  9:22  Medivac  
  91  9:23  Medivac  
  98  9:26  Marine x4  
Tags
 
Add a new tag
Caveats
  • Supply blocks, unpowered buildings, or Contaminate may cause inaccurate times.
  • Supply counts are checked every 10 seconds.